 Dungeon Crawl Stone Soup version 0.24-a0-471-g3302cd442e (webtiles) character file.

Game seed: 4216904247457850459

256 pk666 the Magician (level 5, 0/28 HPs)
             Began as a Deep Elf Wizard on July 4, 2019.
             Slain by a scorpion (8 damage)
             ... on level 4 of the Dungeon.
             The game lasted 00:05:11 (3685 turns).

pk666 the Magician (Deep Elf Wizard)                Turns: 3685, Time: 00:05:12

Health: 0/28       AC:  3    Str:  4    XL:     5   Next: 92%
Magic:  4/15       EV: 13    Int: 24    God:
Gold:   132        SH:  0    Dex: 13    Spells: 6/15 levels left

rFire    . . .     SeeInvis .   s - +2 dagger (venom)
rCold    . . .     Gourm    .   (no shield)
rNeg     . . .     Faith    .   a - +0 robe
rPois    .         Spirit   .   b - +0 hat
rElec    .         Reflect  .   r - +0 cloak
rCorr    .         Harm     .   (no gloves)
MR       .....                  (no boots)
Stlth    ++........             (no amulet)
HPRegen  0.09/turn              (no ring)
MPRegen  0.14/turn              (no ring)

@: lethally poisoned (0 -> -14)
A: no striking features
a: no special abilities


You were on level 4 of the Dungeon.
You were not hungry.

You visited 1 branch of the dungeon, and saw 4 of its levels.

You collected 132 gold pieces.

Inventory:

Hand Weapons
 s - a +2 dagger of venom (weapon)
Armour
 a - a +0 robe (worn)
 b - a +0 hat (worn)
 r - a +0 cloak (worn)
Jewellery
 i - an uncursed ring of positive energy {unknown}
Wands
 l - a wand of scattershot (8)
 n - a wand of random effects (17)
Scrolls
 e - a scroll of immolation {unknown}
 f - 2 scrolls of noise {unknown}
 g - 3 scrolls of teleportation {unknown}
 h - a scroll of magic mapping {unknown}
 j - 6 scrolls of identify {unknown}
 k - a scroll of blinking {unknown}
 o - 3 scrolls of random uselessness {unknown}
 p - a scroll of enchant weapon {unknown}
Potions
 c - a potion of heal wounds {unknown}
 q - 2 potions of resistance {unknown}
Comestibles
 d - 7 rations
 m - 4 chunks of flesh


   Skills:
 - Level 3.1 Dodging
 - Level 2.4 Stealth
 + Level 5.6 Spellcasting
 + Level 3.0 Conjurations
   Level 1.1 Summonings
 + Level 2.2 Translocations
 + Level 2.0 Fire Magic
 + Level 1.7 Air Magic
 + Level 2.0 Poison Magic


You had 6 spell levels left.
You knew the following spells:

 Your Spells              Type           Power        Failure   Level  Hunger
a - Magic Dart            Conj           ###.         2%          1    None
b - Blink                 Tloc           N/A          4%          2    None
c - Conjure Flame         Conj/Fire      ###.....     9%          3    #......
d - Mephitic Cloud        Conj/Pois/Air  ###.....     10%         3    #......

Your spell library contained the following spells:

 Spells                   Type           Power        Failure   Level  Hunger
 Call Imp                 Summ           ##......     8%          2    None
 Slow                     Hex            #.......     13%         2    None


Dungeon Overview and Level Annotations

Branches:
Dungeon (4/15)
 Temple: D:4-7

Altars:
Okawaru
Ru


Message History

Confirm with . or Enter, or press ? or * to list all spells.
Aiming: Magic Dart (safe; 2% risk of failure)
Press: ? - help, Shift-Dir - straight line, f/p - scorpion
Aim: a scorpion (severely wounded)
The magic dart hits the scorpion but does no damage.
The scorpion is severely wounded.
You feel sick. The scorpion misses you.
Casting: Magic Dart (safe; 2% risk of failure)
Confirm with . or Enter, or press ? or * to list all spells.
Aiming: Magic Dart (safe; 2% risk of failure)
Press: ? - help, Shift-Dir - straight line, f/p - scorpion
Aim: a scorpion (severely wounded)
The magic dart hits the scorpion.
The scorpion is almost dead.
You feel sick. The scorpion barely misses you.
You barely miss the scorpion.
The scorpion is almost dead.
* * * LOW HITPOINT WARNING * * *
You feel sick. The scorpion stings you!
You die...

#.#...........
#.#.####.####.
#.#.#.......#.
#.#.#.##.##.#.
#.#.#.#...#.#.
#.......g.....
###########.#.#.#...#.#.
..........รท.#.#.##.##.#.
......s@#####.# ......#.
........# .####(####.
###..#### .. .... .. ##
#####.##### #.......###
#.......... #.......###
##.....## # ##.....##


You could see a scorpion.

Vanquished Creatures
  Crazy Yiuf (D:2)
  Jessica (D:2)
  Ijyb (D:4)
  A worker ant (D:3)
  Robin (D:3)
  7 adders
  2 oozes
  A worm (D:2)
  7 orcs
  2 ball pythons
  5 giant cockroaches
  15 goblins
  4 hobgoblins
  2 quokkas
  4 bats
  4 frilled lizards
  4 kobolds
  4 rats
66 creatures vanquished.

Notes
Turn   | Place    | Note
-------+----------+-------------------------------------------
     0 | D:1      | pk666 the Deep Elf Wizard began the quest for the Orb.
     0 | D:1      | Reached XP level 1. HP: 10/10 MP: 7/7
   126 | D:1      | Reached XP level 2. HP: 11/15 MP: 0/9
   931 | D:2      | Found an iron altar of Okawaru.
  1019 | D:2      | Reached XP level 3. HP: 11/19 MP: 0/11
  1142 | D:2      | Learned a level 2 spell: Blink
  1146 | D:2      | Learned a level 3 spell: Conjure Flame
  1150 | D:2      | Learned a level 3 spell: Mephitic Cloud
  1152 | D:2      | Found a faded altar of an unknown god.
  1177 | D:2      | Noticed Jessica
  1184 | D:2      | Killed Jessica
  1184 | D:2      | Reached skill level 5 in Spellcasting
  1497 | D:2      | Reached XP level 4. HP: 24/24 MP: 7/13
  1617 | D:2      | Reached skill level 1 in Poison Magic
  1749 | D:2      | Reached skill level 1 in Fire Magic
  1793 | D:2      | Found a runed translucent door.
  1794 | D:2      | Noticed Crazy Yiuf
  1804 | D:2      | Killed Crazy Yiuf
  1804 | D:2      | Reached skill level 1 in Air Magic
  2178 | D:3      | Reached XP level 5. HP: 28/28 MP: 9/14
  2387 | D:3      | Noticed Robin
  2747 | D:3      | Killed Robin
  3126 | D:3      | HP: 1/28 [worker ant (1)]
  3383 | D:4      | Noticed Ijyb
  3396 | D:4      | Killed Ijyb
  3600 | D:4      | Found a sacrificial altar of Ru.
  3685 | D:4      | Slain by a scorpion

Levels and vault maps discovered:
D:1:      scummos_arrival_hexagon, layout_basic
D:2:      layout_rooms, lemuel_doored_altar, chequers_ecumenical_altar_simple,
          uniq_jessica, uniq_crazy_yiuf_cottage
D:3:      layout_rooms, chequers_serial_rivers_micro_e, uniq_robin
D:4:      layout_rooms, lemuel_round_altar, nicolae_ru_sacrificial_ziggurat,
          first_ration, uniq_ijyb

Skill      XL: |  1  2  3  4  5 |
---------------+----------------+-----
Dodging        | 3 |  3.1
Conjurations   | 2 3 |  3.0
Spellcasting   | 5 |  5.6
Poison Magic   | 1 2 |  2.0
Fire Magic     | 1 2 |  2.0
Air Magic      | 1 |  1.7
Translocations | 2 |  2.2
Stealth        | |  2.4
Summonings     | |  1.1

Action                   |  1- 3 |  4- 6 || total
-------------------------+-------+-------++-------
Melee: Dagger            |     4 |    14 ||    18
 Cast: Magic Dart        |    51 |   161 ||   212
       Conjure Flame     |       |     1 ||     1
       Blink             |       |     2 ||     2
       Mephitic Cloud    |       |     1 ||     1
  Use: Potion            |       |     2 ||     2
  Eat: Chunk             |     1 |     7 ||     8
Armor: Robe              |     1 |    12 ||    13
Dodge: Dodged            |     7 |    38 ||    45

Table legend:
 A = Non-vault XP
 B = Vault XP
 C = Vault XP percentage of total XP
 D = Non-vault monster count
 E = Vault monster count
 F = Vault count percentage of total count
                 A         B        C        D         E       F
            +---------+---------+-------+---------+---------+-------
      Total |     220 |     146 |  39.9 |      52 |      14 |  21.2
            +---------+---------+-------+---------+---------+-------
        D:1 |      18 |       0 |   0.0 |       9 |       0 |   0.0
        D:2 |      77 |      78 |  50.3 |      17 |       2 |  10.5
        D:3 |      86 |      32 |  27.1 |      20 |      11 |  35.5
        D:4 |      39 |      36 |  48.0 |       6 |       1 |  14.3
            +---------+---------+-------+---------+---------+-------
